[Event "*** SCC Grand Prix: Titled Tuesday Blitz"]
[Site "Chess.com"]
[Date "2020.06.02"]
[Round "1"]
[White "ViktoriyaTarasova"]
[Black "Firegrizzly"]
[Result "1/2-1/2"]
[WhiteElo "2265"]
[BlackElo "2589"]
[TimeControl "180+1"]
[EndTime "10:07:50 PDT"]
[Termination "Game drawn by repetition"]

1. d4 Nf6 2. c4 g6 3. Nc3 Bg7 4. e4 O-O 5. h3 d6 6. Be3 Na6 7.
Be2 c5 8. d5 Nc7 9. a4 a6 10. Nf3 e5 11. dxe6 Nxe6 12. O-O b6 13.
Qc2 Bb7 14. Rad1 Qe7 15. Nd5 Nxd5 16. exd5 Nc7 17. Rfe1 Rfe8 18. Qb3 Rab8 19. Bf4 Qd7 20. Qxb6 Red8 21. Qa5 Ba8 22. Rb1 Rb3 23. Bd1 Rxb2 24. Rxb2 Bxb2 25. Qd2 Bg7 26. Bc2 Ne8 27. Bg5 f6 28.
Bf4 Nc7 29. h4 Re8 30. Rxe8+ Nxe8 31. Qa5 Bb7 32. Qb6 Bc8 33. Qb8 Bf8 34. Kf1 Qb7 35. Qxb7 Bxb7 36. Bd2 Bc8 37. Bd3 Bd7 38. a5 Ba4 39. g3 Ng7 40. Ke2 Be7 41. g4 Bd8 42. Ne1 Bd7 43. f3 f5 44. g5 f4 45.
Ng2 Nh5 46. Kf2 Bh3 47. Bc2 Kf7 48. Ba4 Ke7 49. Bc6 Bc8 50. Nxf4 Nxf4 51. Bxf4 Bxa5 52.
Ke3 Bb4 53. Kd3 a5 54. Bg3 Bd7 55. Bxd7 Kxd7 56. Kc2 a4 57. Kb2 Kc7 58. Ka2 Kd7 59. Kb2 Kc7 60. Ka2 Kd7 61. Kb2 1/2-1/2

[Event "*** SCC Grand Prix: Titled Tuesday Blitz"]
[Site "Chess.com"]
[Date "2020.06.02"]
[Round "1"]
[White "Morshynska"]
[Black "bugsbunny444"]
[Result "0-1"]
[WhiteElo "2159"]
[BlackElo "2526"]
[TimeControl "180+1"]
[EndTime "10:07:50 PDT"]
[Termination "bugsbunny444 won on time"]

1. e4 c5 2. f4 e6 3. Nf3 d5 4. e5 Nc6 5. g3 f6 6. exf6 Nxf6 7.
Bg2 Bd6 8. O-O O-O 9. Re1 Qc7 10. Nc3 a6 11. Ng5 Nd4 12. Ne2 e5 13. Nxd4 exd4 14.
Ne6 Bxe6 15. Rxe6 Rae8 16. Bh3 Rxe6 17. Bxe6+ Kh8 18. d3 Re8 19. Bh3 c4 20. Bf1 Bb4 21. Bd2 c3 22. bxc3 dxc3 23. Be1 d4 24. Bf2 Bc5 25.
Be2 Nd5 26. Bf3 Ne3 27. Bxe3 dxe3 28. Qe2 Bd4 29. Be4 g6 30. Kg2 b5 31. h4 Qf7 32. h5 gxh5 33. a4 b4 34. Rh1 Rg8 35.
Rxh5 Rg7 36. Qf3 b3 37. cxb3 c2 38. Rh1 Qxb3 39. Qh5 Qg8 0-1

[Event "*** SCC Grand Prix: Titled Tuesday Blitz"]
[Site "Chess.com"]
[Date "2020.06.02"]
[Round "1"]
[White "kingnb"]
[Black "nadirsm"]
[Result "1-0"]
[WhiteElo "2522"]
[BlackElo "2148"]
[TimeControl "180+1"]
[EndTime "10:07:50 PDT"]
[Termination "kingnb won by resignation"]

1. d4 d5 2. Nf3 c6 3. e3 Bf5 4. c4 e6 5. Qb3 Qb6 6. Nc3 Qxb3 7. axb3 a6 8. Bd2 Nd7 9. Be2 Ngf6 10. O-O h6 11. Rfe1 Be7 12. h3 O-O 13. c5 Ne4 14. b4 Rfe8 15. Nxe4 Bxe4 16. Bc3 Bf6 17. Nd2 Bg6 18. f4 Rac8 19. Bf3 Be7 20. g4 f5 21. Re2 Nf6 22. Rg2 Kh7 23. Kh2 Ne4 24. Bxe4 fxe4 25. Nf1 Rf8 26. Ng3 Bh4 27. Ne2 Rc7 28. Be1 Bd8 29.
Bg3 Rcf7 30. Rf1 a5 31. bxa5 Bxa5 32. Ra1 Bd2 33. Bf2 h5 34. Rgg1 hxg4 35. hxg4 Rd7 36. Rgd1 Bb4 37. Ra4 Bxc5 38. dxc5 e5 39. f5 Be8 40.
Kg2 g6 41. Rh1+ Kg8 42. fxg6 Bxg6 43. Bg3 Re7 44. Raa1 Rf3 45. Ra8+ Kg7 46. Rh3 Kf7 47. Bh4 Rxh3 48. Kxh3 Rd7 49. Rd8 Rxd8 50. Bxd8 Ke6 51.
Kh4 d4 52. exd4 exd4 53. Nxd4+ Kd5 54. Ne2 e3 55. Kg5 Bd3 56. Nf4+ Kc4 57. Nxd3 Kxd3 58. Kf5 e2 59. Bh4 Kc4 60. g5 Kxc5 61. g6 1-0

[Event "*** SCC Grand Prix: Titled Tuesday Blitz"]
[Site "Chess.com"]
[Date "2020.06.02"]
[Round "1"]
[White "andy_rekt"]
[Black "sergeikim"]
[Result "0-1"]
[WhiteElo "2023"]
[BlackElo "2480"]
[TimeControl "180+1"]
[EndTime "10:07:50 PDT"]
[Termination "sergeikim won by resignation"]

1. d4 Nf6 2. c4 g6 3. Nc3 Bg7 4.
e4 d6 5. Nge2 O-O 6. Ng3 e5 7.
d5 a5 8. Be2 Na6 9. h4 h6 10. h5 g5 11. Nf5 Bxf5 12. exf5 e4 13. Be3 c6 14. Bd4 Re8 15. Qd2 Nb4 16. dxc6 bxc6 17.
O-O-O a4 18. a3 Na6 19. Be3 Bf8 20. Kb1 Qa5 21. Nd5 Qd8 22. Bxg5 cxd5 23. Bxh6 Nh7 24. Bxf8 Rxf8 25. Rh3 Kh8 26. Rg3 Nc7 27. cxd5 Qf6 28. Qd4 Qxd4 29. Rxd4 Nf6 30. Bd1 Ncxd5 31. Rxa4 Rxa4 32.
Bxa4 Rb8 33. Bb3 Ne7 34. Bxf7 Nxf5 35. Rg6 Nd7 36. Be6 Ne5 37. Bxf5 Nxg6 38. Bxg6 d5 39. b4 Kg7 40. Kc2 Kf6 41. f3 Ke5 42. fxe4 dxe4 43. g4 e3 44. Kd3 Kf4 45. h6 Rd8+ 46. Ke2 Rd2+ 47. Ke1 Rh2 48. h7 Kf3 49. Bd3 Rh1+ 50. Bf1 e2 0-1

[Event "*** SCC Grand Prix: Titled Tuesday Blitz"]
[Site "Chess.com"]
[Date "2020.06.02"]
[Round "1"]
[White "MirMan90"]
[Black "zajka-molotok"]
[Result "1-0"]
[WhiteElo "2735"]
[BlackElo "2379"]
[TimeControl "180+1"]
[EndTime "10:07:51 PDT"]
[Termination "MirMan90 won on time"]

1. e4 c5 2. Nf3 e6 3. d4 cxd4 4. Nxd4 Qc7 5. Nc3 Nc6 6. g3 a6 7.
Bg2 Be7 8. O-O Nf6 9. Re1 d6 10. b3 O-O 11. Bb2 Bd7 12. h3 Rac8 13. Qd2 b5 14. a3 Rfd8 15. Rad1 Nxd4 16. Qxd4 Ne8 17. Qd2 Bf6 18. Re3 Bc6 19. Rd3 a5 20. b4 axb4 21.
axb4 Qb7 22. Re1 Qe7 23. f4 Nc7 24. h4 Qe8 25. g4 Na8 26. g5 Be7 27. Nd1 Nb6 28. Ne3 Nc4 29. Nxc4 bxc4 30. Rg3 Bf8 31. f5 e5 32. h5 Rb8 33. Bc3 Ba8 34. g6 fxg6 35.
hxg6 h6 36. Bf1 Rdc8 37. f6 gxf6 38. g7 Bxg7 39. Qxh6 Rb7 40. Re2 Qf7 41. Rh2 Kf8 42. Qh7 Ke8 43. Rhg2 Bf8 44. Qf5 Qd7 45. Qh5+ Qf7 46.
Qh8 Rd7 47. Be2 Bxe4 48. Bh5 1-0

[Event "*** SCC Grand Prix: Titled Tuesday Blitz"]
[Site "Chess.com"]
[Date "2020.06.02"]
[Round "1"]
[White "kasparicy"]
[Black "DenisQ"]
[Result "0-1"]
[WhiteElo "2223"]
[BlackElo "2566"]
[TimeControl "180+1"]
[EndTime "10:07:51 PDT"]
[Termination "DenisQ won by resignation"]

1. e4 c6 2. d4 d5 3. f3 Nf6 4. e5 Nfd7 5. f4 c5 6. Nf3 Nc6 7. Be3 e6 8. c3 Qb6 9. Qc2 f6 10. Nbd2 cxd4 11. Nxd4 fxe5 12. fxe5 Ndxe5 13. Be2 Bc5 14.
N2b3 Bxd4 15. Nxd4 O-O 16. O-O-O Bd7 17. Kb1 Rac8 18. Rhe1 Qc7 19. Nb5 Qb8 20. Bc5 Ng6 21. Bd6 Qa8 22. Bxf8 Rxf8 23. Bd3 Nce5 24. Nd4 Nxd3 25.
Qxd3 e5 26. Rf1 exd4 27. Qxd4 Bf5+ 28. Ka1 Be4 29. g3 Rxf1 30. Rxf1 a6 31. h4 Qb8 32. h5 Ne5 33. h6 gxh6 34. Qb6 Nc6 35. Qe3 Qd6 36. Rf4 Ne5 37. Qa7 Qe7 38. Qb8+ Kg7 39. a3 Nd3 40. Rg4+ Bg6 41. a4 Qe1+ 42. Ka2 Nc1+ 43. Ka3 Qe7+ 44. b4 Ne2 45. Qc8 d4 46. Qc4 dxc3 47. a5 c2 0-1

[Event "*** SCC Grand Prix: Titled Tuesday Blitz"]
[Site "Chess.com"]
[Date "2020.06.02"]
[Round "1"]
[White "MarceloPlaya"]
[Black "francyIM"]
[Result "0-1"]
[WhiteElo "2321"]
[BlackElo "2658"]
[TimeControl "180+1"]
[EndTime "10:07:52 PDT"]
[Termination "francyIM won on time"]

1. e4 e5 2. Nf3 Nc6 3. d4 exd4 4. Bc4 Bc5 5. Ng5 Nh6 6. Nxf7 Nxf7 7. Bxf7+ Kxf7 8.
Qh5+ Kf8 9. Qxc5+ Qe7 10. Qxe7+ Kxe7 11. Bg5+ Kf7 12. Nd2 d6 13. O-O-O Be6 14. Nf3 Bg4 15. Rd3 Bxf3 16. Rxf3+ Ke6 17. Rb3 b6 18. Bd2 Ne5 19.
Rg3 g6 20. f4 Nd7 21. c3 Nf6 22. Re1 c5 23. Rd3 dxc3 24. Bxc3 Rhd8 25. h3 Ne8 26. g4 Nc7 27. e5 dxe5 28. Rde3 Kf7 29. Bxe5 Nd5 30.
Rf3 Nb4 31. Ref1 Rd3 32. a3 Rxf3 33. Rxf3 Nc6 34. Bc3 Re8 35. f5 g5 36. Rd3 Rd8 37.
Rxd8 Nxd8 38. Be5 Nc6 39. Bc7 Nd4 40. Bb8 Nc6 41. Bc7 b5 42. Kd2 c4 43. Ke3 a5 44.
Ke4 b4 45. axb4 axb4 46. Bd6 b3 47. Ba3 Kf6 48. Kd5 Ne5 49. Kd4 h6 50. Bd6 Nd3 51. Kc3 Nf2 52. Kxc4 Nxh3 53. Kxb3 Nf2 54. Kc4 Nxg4 55.
Kd5 Ne3+ 56. Ke4 Nxf5 57. Be5+ Ke6 58. b4 h5 59. b5 Nd6+ 60. Kf3 Kxe5 0-1

[Event "*** SCC Grand Prix: Titled Tuesday Blitz"]
[Site "Chess.com"]
[Date "2020.06.02"]
[Round "1"]
[White "Denis_Palkovich"]
[Black "Ba_clbaf_osed_ingo_3v21"]
[Result "0-1"]
[WhiteElo "2320"]
[BlackElo "2656"]
[TimeControl "180+1"]
[EndTime "10:07:52 PDT"]
[Termination "Ba_clbaf_osed_ingo_3v21 won by resignation"]

1. d4 Nf6 2. Bf4 d5 3. e3 c5 4.
c3 e6 5. Nd2 Nc6 6. Bd3 Be7 7.
Ngf3 O-O 8. Ne5 Nd7 9. Qf3 Ndxe5 10. dxe5 f5 11. g4 d4 12. exd4 cxd4 13. gxf5 exf5 14. Rg1 Be6 15. Qg3 g6 16. h4 Bxh4 17. Qh3 dxc3 18. bxc3 Be7 19. Rd1 Qa5 20. Qh6 Nxe5 21. Be2 Rf7 22. Nf3 Nxf3+ 23. Bxf3 Qxc3+ 24. Rd2 Qxf3 25. Rxg6+ hxg6 26. Qxg6+ Kf8 27. Bh6+ Ke8 28. Qg8+ Bf8 29. Bxf8 Qe4+ 30. Kd1 Rxf8 31. Qg6+ Bf7 32. Qf6 Qb1+ 33. Ke2 Qe4+ 34. Kd1 Qa4+ 35. Ke1 Bc4 36. Qe5+ Kf7 37.
Rd6 Kg8 38. Qf6 Rxf6 39. Rxf6 Qb4+ 40. Kd1 Qb1+ 41. Kd2 Qd3+ 42. Kc1 Qc3+ 43. Kb1 Qxf6 0-1

[Event "*** SCC Grand Prix: Titled Tuesday Blitz"]
[Site "Chess.com"]
[Date "2020.06.02"]
[Round "1"]
[White "Playgood28"]
[Black "cassoulet"]
[Result "1-0"]
[WhiteElo "2297"]
[BlackElo "2603"]
[TimeControl "180+1"]
[EndTime "10:07:52 PDT"]
[Termination "Playgood28 won by resignation"]

1. d4 d5 2. c4 e5 3. dxe5 d4 4. a3 Nc6 5. e3 Bf5 6. Nf3 d3 7.
Nc3 Qd7 8. e4 Bg4 9. Qxd3 Qxd3 10. Bxd3 Bxf3 11. gxf3 Nxe5 12. Be2 O-O-O 13. Be3 Nf6 14.
Nd5 c6 15. Nxf6 gxf6 16. Bxa7 Nd3+ 17. Bxd3 Rxd3 18. Ke2 Rb3 19. Bd4 Be7 20. Bc3 b5 21. cxb5 Rxb5 22. a4 Rb8 23. Rhg1 Kd7 24. Rad1+ Ke6 25.
Rd4 Bd6 26. Rc4 c5 27. h3 h5 28.
a5 Ra8 29. Ra4 Rhb8 30. a6 Be5 31. Kd3 Rb6 32. Rga1 Kd6 33. a7 Kc6 34. Ra6 Bc7 35.
Kc4 Rxa6 36. Rxa6+ Kb7 37. Ra4 Kc6 38. Bxf6 Bb6 39.
f4 Rxa7 40. Rxa7 Bxa7 41. Be7 Bb6 42. Bf8 Bc7 43. f5 Be5 44. b3 Bd4 45. f4 Be3 46. e5 Bxf4 47. e6 fxe6 48. fxe6 Be3 49. Kd3 Bg5 50. Ke4 Bh4 51. Kf5 Bg3 52. Kg5 h4 53. Kf6 Bc7 54. e7 Kd7 55. Kf7 1-0

[Event "*** SCC Grand Prix: Titled Tuesday Blitz"]
[Site "Chess.com"]
[Date "2020.06.02"]
[Round "1"]
[White "Alexander_Zubov"]
[Black "Slovak_fighter2000"]
[Result "1-0"]
[WhiteElo "2956"]
[BlackElo "2447"]
[TimeControl "180+1"]
[EndTime "10:07:53 PDT"]
[Termination "Alexander_Zubov won on time"]

1. d4 Nf6 2. Nf3 e6 3. c4 b6 4. a3 Bb7 5. Nc3 d5 6. Bg5 Be7 7. e3 Nbd7 8. Rc1 O-O 9. cxd5 exd5 10. Be2 h6 11. Bh4 c5 12. O-O c4 13. Ne5 a6 14.
a4 Re8 15. Bf3 Nf8 16. Nxc4 dxc4 17. Bxb7 Ra7 18. Bc6 N8d7 19. Bg3 Qc8 20. d5 Bc5 21. Qe2 Re7 22. Bxd7 Qxd7 23. Qxc4 Bd6 24. Qd4 Rb7 25.
e4 Bc5 26. Qd3 Qg4 27. d6 Re6 28. e5 Nh5 29. Rce1 Rd7 30. Qe4 Qxe4 31. Rxe4 f5 32.
exf6 Rxf6 33. Nd5 Rff7 34. Re8+ Kh7 35. Re7 Nf6 36. Rxf7 Rxf7 37. Nxf6+ gxf6 38. Rd1 Rd7 39. Kf1 Kg6 40. Ke2 Kf7 41. Kf3 Ke6 42. Kg4 Rg7+ 43. Kh5 Kf5 44. d7 Rg5+ 45. Kh4 Be7 46. d8=Q Rg4+ 47. Kh3 1-0

[Event "*** SCC Grand Prix: Titled Tuesday Blitz"]
[Site "Chess.com"]
[Date "2020.06.02"]
[Round "1"]
[White "ketster"]
[Black "Sanan_Sjugirov"]
[Result "0-1"]
[WhiteElo "2433"]
[BlackElo "2895"]
[TimeControl "180+1"]
[EndTime "10:07:53 PDT"]
[Termination "Sanan_Sjugirov won on time"]

1. d4 Nf6 2. c4 g6 3. Nc3 Bg7 4. e4 O-O 5. Nf3 d6 6. h3 e5 7. d5 Nh5 8. g3 f5 9. exf5 gxf5 10. Nh4 Nf6 11. Bd3 e4 12. Be2 Qe8 13. Be3 Na6 14.
Nb5 Nd7 15. Nd4 Ne5 16. Ng2 Nc5 17. O-O Ncd3 18. Qc2 f4 19. Nxf4 Nxf4 20. gxf4 Bxh3 21. Qxe4 Bxf1 22. Kxf1 Qg6 23. Qxg6 Nxg6 24. Ne6 Rf7 25.
Bg4 Bh6 26. Ng5 Bxg5 27. fxg5 Nf8 28. Ke2 Re8 29. Kd3 c6 30. Rh1 cxd5 31. cxd5 Re5 32. Kd4 Rfe7 33. Rh6 Re4+ 34. Kd3 Rxg4 35. Rxd6 Ng6 36.
Rd8+ Kf7 37. d6 Re8 38. Rd7+ Ke6 39. Rxb7 Kxd6 40. Rxh7 Ne5+ 41. Ke2 Rb4 0-1

[Event "*** SCC Grand Prix: Titled Tuesday Blitz"]
[Site "Chess.com"]
[Date "2020.06.02"]
[Round "1"]
[White "ega2006"]
[Black "GMKrikor"]
[Result "0-1"]
[WhiteElo "2391"]
[BlackElo "2770"]
[TimeControl "180+1"]
[EndTime "10:07:53 PDT"]
[Termination "GMKrikor won by resignation"]

1. e4 c5 2. Nf3 d6 3. Bb5+ Nd7 4. d4 cxd4 5. Qxd4 a6 6. Bxd7+ Bxd7 7. O-O Rc8 8. c4 e5 9. Qd3 b5 10. Nfd2 Nf6 11.
Nc3 Qb6 12. b3 Be7 13. Rd1 O-O 14. Nf1 bxc4 15. bxc4 Be6 16. Ne3 Qc6 17. Ncd5 Bxd5 18. cxd5 Qa4 19. f3 Bd8 20. Qb3 Qxb3 21. axb3 Bb6 22. Rxa6 Nd7 23. Bd2 Bd4 24. Rxd6 Nc5 25. b4 Nb3 26. Kf2 Nxd2 27. Rxd2 Rc3 28. Re2 Ra8 29.
Rc6 Rd3 30. d6 Kf8 31. d7 Rd8 32. Rc8 Ke7 33. Rxd8 Kxd8 34. Re1 Kxd7 35. b5 Kc8 36.
Re2 Kb7 37. Re1 Kb6 38. Re2 Kxb5 39. Re1 Kb4 40. Re2 Kc3 41. g3 Rxe3 42. Rxe3+ Kd2 43. f4 Bxe3+ 44. Kf3 Kd3 45. fxe5 Kd4 46. h4 h5 47. g4 hxg4+ 48. Kxg4 Kxe4 49. h5 Kxe5 0-1

[Event "*** SCC Grand Prix: Titled Tuesday Blitz"]
[Site "Chess.com"]
[Date "2020.06.02"]
[Round "1"]
[White "DanielDardha2005"]
[Black "davigator"]
[Result "1-0"]
[WhiteElo "2647"]
[BlackElo "2315"]
[TimeControl "180+1"]
[EndTime "10:07:53 PDT"]
[Termination "DanielDardha2005 won by checkmate"]

1. Nf3 d5 2. c4 c6 3. g3 Bg4 4.
Bg2 Nd7 5. O-O e6 6. Qb3 Qb6 7.
cxd5 exd5 8. Qc2 Ngf6 9. d3 Be7 10.
e4 O-O 11. Nc3 dxe4 12. dxe4 Rfd8 13. h3 Bxf3 14. Bxf3 Ne5 15. Be2 a5 16. Kg2 Bb4 17. Be3 Qc7 18. f4 Ng6 19. Bf3 Bxc3 20. Qxc3 Qe7 21.
Bc5 Qe8 22. Rfe1 a4 23. Bd4 Qe7 24. Rad1 a3 25. b3 Ne8 26. f5 Nf8 27. e5 Nc7 28. Bc5 Qe8 29. Qe3 Rxd1 30. Rxd1 Nd7 31. Bd6 Nb5 32.
e6 Nxd6 33. Rxd6 fxe6 34. fxe6 Nf6 35. e7 h6 36. Qe6+ Kh7 37. Be2 Nd5 38. Bd3+ Kh8 39. Qf5 Kg8 40. Qh7+ Kf7 41. Bg6+ Kxe7 42. Bxe8 Kxd6 43.
Bg6 Nc3 44. Bb1 Re8 45. Qd3+ Nd5 46. b4 g5 47. Qxa3 Re3 48. Qa7 Re2+ 49. Kf3 Rb2 50. Be4 Rxb4 51. Bxd5 Kxd5 52. Qa5+ Rb5 53. Qd8+ Kc4 54.
Qh8 Kb4 55. Qxh6 Ka3 56. Qe6 c5 57. h4 gxh4 58. gxh4 Rb4 59. h5 b5 60. h6 Rh4 61.
Qb3# 1-0

[Event "*** SCC Grand Prix: Titled Tuesday Blitz"]
[Site "Chess.com"]
[Date "2020.06.02"]
[Round "1"]
[White "Everyfishknows"]
[Black "ZAbdumalik"]
[Result "0-1"]
[WhiteElo "2314"]
[BlackElo "2646"]
[TimeControl "180+1"]
[EndTime "10:07:53 PDT"]
[Termination "ZAbdumalik won by resignation"]

1. Nf3 Nf6 2. c4 g6 3. Nc3 c5 4. e4 d6 5. d4 cxd4 6. Nxd4 Bg7 7. Be2 O-O 8. O-O b6 9. Be3 Bb7 10. f3 a6 11. Qd2 Nbd7 12. Rac1 Re8 13. Rfd1 e6 14.
b4 Qc7 15. Nb3 Bf8 16. a3 Rac8 17. Bf1 Qb8 18. Qf2 Bc6 19. Qg3 h5 20. Bf4 Ne5 21. c5 bxc5 22. Nxc5 a5 23. b5 Ba8 24. N3a4 Bg7 25.
Kh1 h4 26. Qxh4 dxc5 27. Nxc5 Rcd8 28. Nd3 Nh5 29. Nxe5 Rxd1 30. Rxd1 Nxf4 31. Nd7 Qc7 32. b6 Qc2 33. Re1 Nd3 34. Bxd3 Qxd3 35. Nf6+ Bxf6 36. Qxf6 Qd2 37. Rg1 Qd6 38. h4 Qe7 39. Qxe7 Rxe7 40. Rb1 Bb7 41. Kg1 Kf8 42. Kf2 Ke8 43. e5 Rd7 44.
Ke3 Rd5 45. f4 Kd7 46. g3 Kc6 47. Ke4 Rc5 48. Ke3 Rc3+ 49. Kf2 Rxa3 50. Rd1 Kxb6 51. Rd7 Rf3+ 52. Ke2 Rxg3 53. Rxf7 Be4 54. Rf6 Bf5 55. Rf8 a4 56. Rb8+ Kc5 57. Ra8 a3 58. Kf2 Rb3 59.
Ra5+ Kb4 60. Ra6 Rb2+ 61. Ke3 a2 62. Kd4 Rd2+ 63. Ke3 Rd3+ 64. Ke2 Ra3 65. Rb6+ Kc5 0-1

[Event "*** SCC Grand Prix: Titled Tuesday Blitz"]
[Site "Chess.com"]
[Date "2020.06.02"]
[Round "1"]
[White "VinzentSpitzl"]
[Black "avantage_ru"]
[Result "1/2-1/2"]
[WhiteElo "2383"]
[BlackElo "2724"]
[TimeControl "180+1"]
[EndTime "10:07:54 PDT"]
[Termination "Game drawn by stalemate"]

1. e4 d6 2. d4 Nf6 3. Nc3 c6 4. Be3 Qb6 5. Nge2 Qxb2 6. Rb1 Qa3 7. h3 e5 8. Rb3 Qa5 9. g4 Nxe4 10. Bg2 Nxc3 11. Nxc3 Nd7 12. O-O Be7 13. d5 c5 14.
Ne4 Nf6 15. c4 O-O 16. Qd3 Nxe4 17. Bxe4 g6 18. Bh6 Re8 19. f4 Bf8 20. Bxf8 Rxf8 21. f5 Qxa2 22. fxg6 fxg6 23. Rxf8+ Kxf8 24. Bxg6 Qa1+ 25. Kh2 Qd4 26. Qf3+ Qf4+ 27. Qxf4+ exf4 28. Bxh7 a5 29. Bc2 a4 30. Ra3 Bd7 31. Kg2 Kg7 32. Kf3 Rf8 33.
h4 b5 34. cxb5 Bxb5 35. g5 Bc4 36. Rxa4 Bxd5+ 37. Kf2 Rb8 38. Ra7+ Rb7 39. Rxb7+ Bxb7 40. h5 Bd5 41. h6+ Kg8 42. g6 c4 43. Bf5 c3 44.
Bc2 Be6 45. Kf3 d5 46. Kxf4 Bd7 47. Ke5 Be8 48. Kxd5 Bxg6 49. Bxg6 c2 50. Bxc2 Kh8 51. Ke5 Kg8 52. Kf6 Kh8 53. h7 1/2-1/2

[Event "*** SCC Grand Prix: Titled Tuesday Blitz"]
[Site "Chess.com"]
[Date "2020.06.02"]
[Round "1"]
[White "MPGM"]
[Black "Ashedu66"]
[Result "1-0"]
[WhiteElo "2527"]
[BlackElo "2165"]
[TimeControl "180+1"]
[EndTime "10:07:54 PDT"]
[Termination "MPGM won on time"]

1. d4 d5 2. c4 c6 3. Nf3 Nf6 4.
Nc3 e6 5. e3 Nbd7 6. Bd3 Bd6 7. O-O O-O 8. e4 dxc4 9. Bxc4 e5 10. Bg5 Qe7 11. d5 Nb6 12. Bb3 Bg4 13. h3 Bh5 14.
Qd3 h6 15. Bh4 Bg6 16. Rfd1 Rad8 17. Qe2 Bb4 18. Rac1 Rfe8 19. dxc6 bxc6 20. a3 Rxd1+ 21. Nxd1 Bc5 22. Bxf6 gxf6 23. Nh4 Kh7 24. Ne3 Bxe3 25. Qxe3 Qd6 26. Rd1 Qe7 27. Qf3 Rd8 28. Rxd8 Qxd8 29. Kh2 c5 30. Bd5 Nxd5 31. exd5 Qd7 32. Nxg6 Kxg6 33.
g4 Qd6 34. Qe4+ Kg7 35. Kg3 a5 36.
b3 Qb6 37. Qc4 Qd6 38. Kf3 h5 39. Ke4 hxg4 40. hxg4 Kg6 41. f3 Kg5 42. Qc1+ Kg6 43.
Qc3 Kg5 44. Qxa5 Qb8 45. Qc3 1-0

[Event "*** SCC Grand Prix: Titled Tuesday Blitz"]
[Site "Chess.com"]
[Date "2020.06.02"]
[Round "1"]
[White "mr65"]
[Black "Girkassa"]
[Result "0-1"]
[WhiteElo "2158"]
[BlackElo "2535"]
[TimeControl "180+1"]
[EndTime "10:07:54 PDT"]
[Termination "Girkassa won by resignation"]

1. e4 e5 2. Nf3 Nc6 3. Bb5 a6 4.
Ba4 Nge7 5. O-O g6 6. c3 Bg7 7. d4 exd4 8. cxd4 b5 9. Bb3 O-O 10. h3 Na5 11. Bc2 d6 12. Nc3 Bb7 13. d5 Nc4 14.
Bb3 c6 15. Bxc4 bxc4 16. Be3 cxd5 17. Nxd5 Bxd5 18. exd5 Bxb2 19. Bd4 Bxd4 20. Qxd4 Rc8 21. Rac1 Nf5 22. Qf4 c3 23. g4 Nh4 24. Nd4 g5 25. Qg3 Qf6 26. Nf5 Nxf5 27. Qf3 Rc5 28. gxf5 Rfc8 29.
Kh1 Qe5 30. h4 Qxd5 31. Qxd5 Rxd5 32. hxg5 Rxf5 33. f4 d5 34. Rf3 d4 35. Kg2 Kf8 36. Kg3 Ke7 37. Kg4 Rd5 38. Re1+ Kd6 39. f5 c2 40. Rc1 d3 41. g6 hxg6 42. fxg6 fxg6 43. Rf6+ Ke7 44. Rxg6 d2 45. Rh1 d1=Q+ 46. Kg3 Qxh1 0-1

[Event "*** SCC Grand Prix: Titled Tuesday Blitz"]
[Site "Chess.com"]
[Date "2020.06.02"]
[Round "1"]
[White "ENEASZ"]
[Black "rugbyclub"]
[Result "1-0"]
[WhiteElo "2506"]
[BlackElo "2102"]
[TimeControl "180+1"]
[EndTime "10:07:54 PDT"]
[Termination "ENEASZ won on time"]

1. e4 e5 2. Nf3 Nc6 3. Bc4 Bc5 4.
O-O Nf6 5. d3 d6 6. c3 h6 7. Nbd2 a6 8. Bb3 O-O 9. Nc4 Ne7 10. Be3 Ng6 11. Bxc5 dxc5 12. Ncxe5 Nxe5 13. Nxe5 Qd6 14. Nc4 Qd7 15. Qe2 b5 16. Ne3 c6 17.
Rad1 Re8 18. f3 Qc7 19. d4 c4 20. Bc2 Qb6 21. e5 Nd7 22. Kh1 Bb7 23. Nf5 c5 24.
f4 cxd4 25. cxd4 Bd5 26. Qg4 g6 27. Nxh6+ Kf8 28. f5 gxf5 29. Qxf5 Qxh6 30. Qxd7 Rad8 31. Qg4 Ke7 32. Rf6 Qe3 33. Qf4 Qe2 34. Qf2 Qh5 35. Rf5 Qh6 36. Qf4 Qg6 37. Qg5+ Qxg5 38. Rxg5 Rg8 39.
Rxg8 Rxg8 40. Rd2 Rg4 41. Kg1 Ke6 42. h3 Rg5 43. a3 f6 44. exf6 Kxf6 45. Rf2+ Ke6 46.
Kh2 a5 47. g4 b4 48. axb4 axb4 49. Kg3 Rg8 50. Bf5+ Kd6 51. h4 c3 52. bxc3 bxc3 53. h5 Rb8 54. h6 Rb2 55. h7 Rxf2 56. Kxf2 1-0

[Event "*** SCC Grand Prix: Titled Tuesday Blitz"]
[Site "Chess.com"]
[Date "2020.06.02"]
[Round "1"]
[White "Vaathi_Coming"]
[Black "Chesstrainer1"]
[Result "1-0"]
[WhiteElo "2864"]
[BlackElo "2425"]
[TimeControl "180+1"]
[EndTime "10:07:55 PDT"]
[Termination "Vaathi_Coming won on time"]

1. Nf3 Nf6 2. d4 g6 3. c4 Bg7 4. Nc3 O-O 5. Bf4 d6 6. e3 Nfd7 7. Be2 Nc6 8. O-O e5 9. Bg5 f6 10. Bh4 Ne7 11. e4 Nc6 12. d5 Nd4 13. Nxd4 exd4 14.
Nb5 g5 15. Bg3 Nc5 16. Nxd4 Nxe4 17. Bd3 f5 18. Bxe4 fxe4 19. Re1 Re8 20. Ne6 Bxe6 21.
dxe6 Bxb2 22. Rb1 Qf6 23. Rxe4 Be5 24. Bxe5 dxe5 25. Rxb7 Qxe6 26. Rxc7 Rad8 27. Qh5 Re7 28. h3 Rxc7 29. Qxg5+ Kf7 30. Qxd8 Rxc4 31. Rxc4 Qxc4 32.
Qd7+ Kf6 33. Qxa7 Qc1+ 34. Kh2 Qf4+ 35. g3 Qd2 36. a4 e4 37. Qe3 Qb4 38. a5 Ke5 39. a6 Qa4 40. a7 Qa2 41. Kg2 Kd5 42. Qb6 h5 43. Qb7+ Kd4 44. a8=Q Qe2 45. Qaa7+ 1-0

[Event "*** SCC Grand Prix: Titled Tuesday Blitz"]
[Site "Chess.com"]
[Date "2020.06.02"]
[Round "1"]
[White "Twiceblessed"]
[Black "chesslh19"]
[Result "1-0"]
[WhiteElo "2526"]
[BlackElo "2163"]
[TimeControl "180+1"]
[EndTime "10:07:55 PDT"]
[Termination "Twiceblessed won by resignation"]

1. d4 Nf6 2. c4 e6 3. Nf3 d5 4.
Nc3 c5 5. cxd5 cxd4 6. Nxd4 Nxd5 7. Bd2 Be7 8. g3 Nxc3 9. Bxc3 Qd5 10. Nf3 Qxd1+ 11. Rxd1 O-O 12. Bg2 Nc6 13. O-O Rb8 14. Ne5 Nxe5 15. Bxe5 Ra8 16. f4 Bc5+ 17. Bd4 Bxd4+ 18.
Rxd4 a5 19. Rfd1 f6 20. Rc4 e5 21. Rc7 Be6 22. Rxb7 exf4 23. gxf4 Rad8 24. Rxd8 Rxd8 25.
a3 Rd2 26. Kf2 Bc4 27. Bf3 a4 28. Ke3 Rd6 29. Kf2 Bb3 30. h4 Rd2 31. h5 g6 32.
h6 Rxb2 33. Bd5+ Kf8 34. Ke3 Ra2 35. Bxb3 Rxa3 36. Kd2 Rxb3 37. Rxh7 Rb2+ 38. Kd3 Kg8 39. Rg7+ Kh8 40. Rxg6 Rb6 41. Rg1 Ra6 42. Ra1 Kh7 43. Kc4 Kxh6 44. Kb5 Ra8 45. Rxa4 Re8 46. e4 f5 47. e5 Kh5 48. Kc6 Kg4 49. Kd7 Rb8 50. e6 Rb7+ 51. Kd6 Rb6+ 52. Ke5 Rb5+ 53. Kf6 Rb1 54. e7 Re1 55. Kf7 Re4 56. Rxe4 1-0

[Event "*** SCC Grand Prix: Titled Tuesday Blitz"]
[Site "Chess.com"]
[Date "2020.06.02"]
[Round "1"]
[White "1stSecond"]
[Black "crossingthestreet"]
[Result "0-1"]
[WhiteElo "2702"]
[BlackElo "2376"]
[TimeControl "180+1"]
[EndTime "10:07:57 PDT"]
[Termination "crossingthestreet won by checkmate"]

1. c4 e5 2. Nc3 Nc6 3. g3 Bc5 4. Bg2 d6 5. e3 a6 6. Nge2 h5 7. d4 Ba7 8. Bxc6+ bxc6 9. dxe5 dxe5 10. Qxd8+ Kxd8 11. f3 Be6 12. b3 Nf6 13. Kf2 Ke7 14. Ba3+ Ke8 15. Rad1 Nd7 16. Ne4 a5 17. N2c3 Bf5 18. Rd2 a4 19. Nxa4 Bxe4 20. fxe4 Nf6 21. Kf3 g5 22. Rhd1 g4+ 23. Ke2 Bb6 24. Bc5 Nxe4 25.
Bxb6 cxb6 26. Nxb6 Nxd2 27. Nxa8 Ne4 28. Rc1 h4 29.
Rg1 hxg3 30. hxg3 Rh2+ 31. Kd3 f5 32. c5 Rxa2 33. Nb6 Rd2+ 34. Kc4 Rc2+ 35. Kb4 Rxc5 36. Nc4 Rb5+ 37. Ka4 Ke7 38. b4 Rd5 39. Rc1 Nxg3 40. Nb6 Rd6 41. Nc8+ Kd7 42. Nxd6 Kxd6 43. Ka5 Ne4 44.
Kb6 g3 45. Rxc6+ Kd7 46. Rg6 f4 47. exf4 exf4 48. b5 f3 49. Rg7+ Kd6 50. Ka7 f2 51.
Rf7 g2 52. b6 g1=Q 53. b7 f1=Q+ 54. Ka8 Qa1+ 55. Kb8 Qaa7+ 56. Kc8 Qgc5+ 57. Kd8 Qb8# 0-1